 Dungeon Crawl Stone Soup version 0.31-a0-234-gad7ace16ef (webtiles) character file.

Game seed: 8534045960518878053

367 qw the Shooter (level 6, 0/38 HPs)
             Began as a Gargoyle Hexslinger on July 9, 2023.
             Slain by an iguana (4 damage)
             ... on level 4 of the Dungeon.
             The game lasted 00:01:03 (2789 turns).

qw the Shooter (Gargoyle Hexslinger)                Turns: 2789, Time: 00:01:03

Health: 0/38       AC:  9    Str: 15    XL:     6   Next: 69%
Magic:  7/7        EV: 11    Int: 13    God:
Gold:   131        SH:  0    Dex: 14    Spells: 6/7 levels left

rFire   + . .        a - +6 shortbow of Seigh {flame, rN+ Str+3}
rCold   . . .        (shield currently unavailable)
rNeg    + + .        k - +0 ring mail
rPois   inf          (no helmet)
rElec   +            (no cloak)
rCorr   .            (no gloves)
SInv    .            (no boots)
Will    .....        (no amulet)
Stlth   +            e - ring of protection from fire
HPRegen 0.26/turn    (no ring)
MPRegen 0.10/turn

%: no passive effects
@: no status effects
A: sickness immunity, AC +4, negative energy resistance 1, electricity
resistance, torment resistance 1, petrification resistance
a: no special abilities


You were on level 4 of the Dungeon.
You visited 1 branch of the dungeon, and saw 4 of its levels.

You collected 131 gold pieces.


Innate Abilities, Weirdness & Mutations

You are immune to sickness and miasma.
Your stone body is resilient. (AC +4)
You are immune to poison.
You resist negative energy. (rN+)
You are resistant to electric shocks. (rElec)
You are resistant to unholy torment.
You are immune to petrification.


   Skills:
 - Level 4.1 Fighting
 + Level 5.6 Ranged Weapons
 - Level 1.0 Armour
 - Level 1.5 Dodging
 - Level 1.0 Spellcasting
 - Level 2.6 Hexes


You had 6 spell levels left.
You knew the following spells:

 Your Spells              Type           Power      Damage    Failure   Level
a - Slow                  Hex            28%        N/A       19%         1

Your spell library contained the following spells:

 Spells                   Type           Power      Damage    Failure   Level
 Inner Flame              Hex/Fire       4%         N/A       67%         3
 Portal Projectile        Hex/Tloc       8%         N/A       67%         3
 Cause Fear               Hex            3%         N/A       88%         4

Inventory:

Hand Weapons
 a - the +6 shortbow of Seigh (weapon) {flame, rN+ Str+3}
   (You acquired it on level 1 of the Dungeon)

   Str:       It affects your strength (+3).
   rN:        It protects you from negative energy.
Armour
 c - a +0 ring mail of willpower
 k - a +0 ring mail (worn)
Jewellery
 e - a ring of protection from fire (left hand)
Scrolls
 h - a scroll of enchant armour
Potions
 b - a potion of attraction {unknown}
 d - a potion of resistance {unknown}
 f - 2 potions of curing
 g - a potion of lignification {unknown}
 i - a potion of might

Dungeon Overview and Level Annotations

Branches:
Dungeon (4/15)
 Temple: D:4-7

Altars:


Message History

A gnoll comes into view. It is wielding a +0 spear.
You shoot an arrow. The arrow hits the gnoll bouda!
The arrow burns the gnoll bouda.
You kill the gnoll bouda!
The iguana bites you.
The gnoll moves out of view.
You shoot an arrow. The arrow hits the iguana.
The arrow burns the iguana.
The iguana is lightly wounded.
The iguana closely misses you.
The ball python bites you but does no damage.
The ball python grabs you. The ball python constricts you.
The iguana bites you.
You shoot an arrow.
The arrow closely misses the ball python.
The gnoll hits you with a +0 flail. The ball python bites you.
The ball python constricts you.
The gnoll hits you from afar with a +0 spear.
The iguana barely misses you. The ball python bites you.
The ball python constricts you. The gnoll hits you with a +0 flail.
You shoot an arrow. The arrow hits the ball python.
The arrow burns the ball python.
The ball python is severely wounded.
Your attacks no longer feel as feeble.
The gnoll closely misses you. The iguana barely misses you.
The ball python bites you but does no damage.
The ball python constricts you. The gnoll hits you with a +0 flail!
You shoot an arrow. The arrow hits the ball python!
The arrow burns the ball python.
You kill the ball python!
The gnoll hits you from afar with a +0 spear.
The iguana barely misses you. The gnoll misses you.
The gnoll barely misses you.
You shoot an arrow.
The arrow hits the iguana but does no damage.
The iguana is lightly wounded.
The orc closely misses you. The gnoll barely misses you. The iguana bites you.
The gnoll hits you but does no damage.
The gnoll hits you from afar with a +0 spear.
You shoot an arrow. The arrow hits the iguana.
The arrow burns the iguana.
The iguana is moderately wounded.
The orc closely misses you. The gnoll hits you with a +0 whip.
The iguana bites you.
You die...

.. . .. ##. #.
##..##'. #..#...#
#..gg#.# #.olg..# ###
#..@g#.# #.##
#..#...# ##..#
#...##'....
#####...######...#
...#
#............%...#
...
#####..##..####.#...#
.. #.).#..# #...#...
. ##.#....# #...# #..
#..####... ...## #


You could see an iguana, 4 gnolls and an orc.

Vanquished Creatures
  An ogre (D:4)
  A scorpion (D:3)
  A gnoll bouda (D:4)
  2 iguanas (D:4)
  Ijyb (D:4)
  3 adders
  3 worms
  2 dart slugs
  12 ball pythons
  8 endoplasms
  3 giant cockroaches
  10 goblins
  6 hobgoblins
  4 jackals
  4 quokkas
  9 bats
  A frilled lizard (D:3)
  4 kobolds
  2 rats (D:3)
77 creatures vanquished.

Notes
Turn   | Place    | Note
-------+----------+-------------------------------------------
     0 | D:1      | qw the Gargoyle Hexslinger began the quest for the Orb.
     0 | D:1      | Reached XP level 1. HP: 12/12 MP: 2/2
     0 | D:1      | 0 ||| qw: Version: 0.3-a-51-g015441d
     0 | D:1      | 0 ||| qw: Game counter: 4090
     0 | D:1      | 0 ||| qw: Melee chars always use a shield: true
     0 | D:1      | 0 ||| qw: God list: Okawaru
     0 | D:1      | 0 ||| qw: Allow faded altars: false
     0 | D:1      | 0 ||| qw: Do Orc after clearing Dungeon:15 true
     0 | D:1      | 0 ||| qw: Do second Lair branch before Depths: true
     0 | D:1      | 0 ||| qw: Lair rune preference: random
     0 | D:1      | 0 ||| qw: Goals: Normal
     0 | D:1      | 0 ||| PLANNING D:1-11
    96 | D:1      | HP: 2/12 [ball python (2)]
   100 | D:1      | Reached XP level 2. HP: 2/16 MP: 3/3
   323 | D:1      | Reached skill level 3 in Ranged Weapons
   595 | D:1      | 595 ||| UPGRADING to +0 leather armour.
   605 | D:1      | 605 ||| DROPPING +0 robe.
   606 | D:1      | 606 ||| UPGRADING to ring of protection from fire.
   609 | D:1      | 609 ||| READING scroll labelled SUESUGICEAQ.
   717 | D:1      | 717 ||| READING scroll labelled VIUCHYLYRU.
   717 | D:1      | Identified a scroll of acquirement
   717 | D:1      | 717 ||| ACQUIRING +6 shortbow of Seigh {flame, rN+ Str+3}
   717 | D:1      | Acquired the +6 shortbow of Seigh {flame, rN+ Str+3}
   719 | D:1      | 719 ||| SWAPPING to +6 shortbow of Seigh {flame, rN+
                  | Str+3}.
   720 | D:1      | 720 ||| DROPPING +1 sling.
   721 | D:1      | 721 ||| READING scroll labelled QONOTHRAWNUI.
   723 | D:1      | 723 ||| FLEEEEING.
  1041 | D:1      | 1041 ||| READING scroll labelled HYZAPHEWIQ.
  1042 | D:1      | 1042 ||| READING scroll labelled ARANOBU BYASA.
  1043 | D:1      | 1043 ||| READING scroll labelled GUCOXENO COAL.
  1044 | D:1      | 1044 ||| DROPPING scroll of poison.
  1056 | D:2      | Reached XP level 3. HP: 21/21 MP: 4/4
  1789 | D:2      | 1789 ||| UPGRADING to +0 ring mail.
  1799 | D:2      | 1799 ||| DROPPING +0 leather armour.
  1800 | D:2      | 1800 ||| READING scroll labelled JAFUKUTUFYXT.
  1801 | D:2      | 1801 ||| READING scroll labelled NOJECE OMIXERCH.
  1802 | D:2      | 1802 ||| READING scroll labelled LORIPEL YRUMAH.
  1803 | D:2      | 1803 ||| READING scroll labelled MEROAS LAYM.
  1804 | D:2      | 1804 ||| READING scroll labelled YSODUA QUURR.
  1994 | D:3      | Reached XP level 4. HP: 26/26 MP: 5/5
  2111 | D:3      | Reached skill level 4 in Ranged Weapons
  2337 | D:3      | Reached skill level 1 in Armour
  2454 | D:3      | 2454 ||| READING scroll labelled TOATUKHL NAEG.
  2455 | D:3      | 2455 ||| DRINKING 3 silvery potions.
  2456 | D:3      | 2456 ||| DRINKING 2 smoky sapphire potions.
  2491 | D:4      | Noticed a scorpion
  2495 | D:4      | 2495 ||| STAIRDANCE
  2498 | D:3      | Killed a scorpion
  2499 | D:3      | Reached XP level 5. HP: 22/30 MP: 6/6
  2572 | D:4      | Reached skill level 5 in Ranged Weapons
  2611 | D:4      | Noticed Ijyb
  2613 | D:4      | 2613 ||| FLEEEEING.
  2614 | D:4      | 2614 ||| FLEEEEING.
  2615 | D:4      | 2615 ||| FLEEEEING.
  2616 | D:4      | 2616 ||| FLEEEEING.
  2626 | D:4      | Killed Ijyb
  2641 | D:4      | Noticed an ogre
  2646 | D:4      | Killed an ogre
  2647 | D:4      | Reached XP level 6. HP: 17/38 MP: 7/7
  2788 | D:4      | HP: 8/38 [iguana (2)]
  2789 | D:4      | Slain by an iguana

Levels and vault maps discovered:
D:1:      elethiomel_arrival_infinity_welcomes_careful_drivers, layout_basic,
          minmay_misc_feat_chi, minmay_misc_feat_roman, grunt_decor_one_mirror,
          minmay_statues_item, hangedman_glass_teeth
D:2:      layout_loops_cross, nicolae_eternal_life
D:3:      layout_rooms, serial_forest, infiniplex_forest_zigzag_1,
          infiniplex_forest_clump_small, infiniplex_forest_clump_tiny,
          infiniplex_forest_clump_double, infiniplex_forest_corner_1,
          infiniplex_forest_lined_corner
D:4:      layout_rooms, minmay_fractal_squares_diagonal_5,
          uniq_crazy_yiuf_cottage, uniq_ijyb

Skill      XL: |  1  2  3  4  5 |
---------------+----------------+-----
Ranged Weapons | 3 4 5 |  5.6
Fighting       | 2 4 |  4.1
Armour         | 1 |  1.0
Dodging        | |  1.5
Spellcasting   | |  1.0
Hexes          | |  2.6

Action                     |  1- 3 |  4- 6 || total
---------------------------+-------+-------++-------
   Fire: Sling             |    60 |       ||    60
         Shortbow          |    52 |    99 ||   151
    Use: Scroll            |    11 |     1 ||    12
         Potion            |       |     2 ||     2
 Armour: Robe              |     7 |       ||     7
         Leather armour    |    10 |       ||    10
         Ring mail         |     2 |    33 ||    35
  Dodge: Dodged            |    23 |    38 ||    61

Table legend:
 A = Non-vault XP
 B = Vault XP
 C = Vault XP percentage of total XP
 D = Non-vault monster count
 E = Vault monster count
 F = Vault count percentage of total count
                 A         B        C        D         E       F
            +---------+---------+-------+---------+---------+-------
      Total |     406 |     119 |  22.7 |      72 |       5 |   6.5
            +---------+---------+-------+---------+---------+-------
        D:1 |      33 |       0 |   0.0 |      18 |       0 |   0.0
        D:2 |      29 |       0 |   0.0 |      17 |       0 |   0.0
        D:3 |     144 |       0 |   0.0 |      25 |       0 |   0.0
        D:4 |     200 |     119 |  37.3 |      12 |       5 |  29.4
            +---------+---------+-------+---------+---------+-------
